 Dungeon Crawl Stone Soup version 0.18.1-8-gdd0e5ea (webtiles) character file.

93 striepan the Chopper (level 4, 0/39 HPs)
             Began as a Minotaur Fighter on May 28, 2016.
             Was a Follower of Yredelemnul.
             Succumbed to a kobold's poison
             ... on level 2 of the Dungeon.
             The game lasted 00:10:51 (2179 turns).

striepan the Chopper (Minotaur Fighter)             Turns: 2179, Time: 00:10:52

Health: 0/39       AC:  6    Str: 21    XL:     4   Next: 37%
Magic:  3/3        EV:  7    Int:  5    God:    Yredelemnul [*.....]
Gold:   145        SH:  9    Dex: 10    Spells: 0 memorised, 3 levels left

rFire  + . .     SeeInvis .     a - +0 war axe
rCold  + . .     Gourm    .     b - +0 scale mail
rNeg   . . .     Faith    .     c - +0 shield
rPois  +         Spirit   .     (helmet unavailable)
rElec  +         Dismiss  +     (no cloak)
rCorr  +         Reflect  .     (no gloves)
SustAt .         Harm     .     (no boots)
MR     .....                    h - amulet of dismissal
Stlth  ..........               (no ring)
                                (no ring)

@: lethally poisoned (0 -> -13), resistant, not resistant to hostile
enchantments, extremely unstealthy
A: retaliatory headbutt, horns 3
a: Animate Remains, Renounce Religion


You were on level 2 of the Dungeon.
You worshipped Yredelemnul.
Yredelemnul was aware of your devotion.
You were hungry.

You visited 1 branch of the dungeon, and saw 3 of its levels.

You collected 145 gold pieces.

Inventory:

Hand Weapons
 a - a +0 war axe (weapon)
Armour
 b - a +0 scale mail (worn)
 c - a +0 shield (worn)
Jewellery
 h - an amulet of dismissal (around neck)
 t - an uncursed amulet of regeneration
Scrolls
 j - 5 scrolls of identify {unknown}
 k - 3 scrolls of remove curse {unknown}
 m - a scroll of fog {unknown}
 p - 2 scrolls of enchant weapon {unknown}
 s - 2 scrolls of teleportation {unknown}
 v - a scroll of random uselessness {unknown}
Potions
 d - a potion of might
 e - 2 potions of magic
 o - a potion of cure mutation
 q - a potion of mutation {unknown}
 r - a potion of heal wounds {unknown}
 u - a potion of ambrosia {unknown}
Comestibles
 f - 2 bread rations
 g - a beef jerky
 i - 4 meat rations


   Skills:
 - Level 3.6 Fighting
 + Level 5.6 Axes
 - Level 3.6 Armour
 - Level 3.6 Shields


You had 3 spell levels left.
You didn't know any spells.

Dungeon Overview and Level Annotations

Branches:
Dungeon (3/15)

Altars:
Yredelemnul

Annotations:
D:3 Sigmund


Innate Abilities, Weirdness & Mutations

You reflexively headbutt those who attack you in melee.
You have a pair of large horns on your head.


Message History

There is a stone staircase leading down here.
Drink which item? (? for menu, Esc to quit)
It was a potion of magic.
Magic courses through your body.
* * * LOW HITPOINT WARNING * * *
You feel sick.
Drink which item? (? for menu, Esc to quit)
It was a potion of cure mutation.
It has a very clean taste.
* * * LOW HITPOINT WARNING * * *
You feel sick.
Drink which item? (? for menu, Esc to quit)
It was a potion of resistance.
You feel protected.
* * * LOW HITPOINT WARNING * * *
You feel sick.
Drink which item? (? for menu, Esc to quit)
It was a potion of beneficial mutation.
The horns on your head grow some more.
You feel fantastic!
You die...
Your body rises from the dead as a mindless zombie.

##....#.#.#.......##############.
##..).#.#.##'#........>..........
#####.#.#....#.#..###############
# #.#.#.####.#..# # #.#.#.#
#.#..# # #.#.######....#
#####.#........#..#
......########.#..#
..†.............@.#
..####......##.#..# #.#
#......##.#..# #.# #......##....#
..## #......####.## ...####'#####
#.# ........########.#
.................#
........##########


There were no monsters in sight!

Vanquished Creatures
  2 adders (D:2)
  3 oozes
  2 worms (D:2)
  A dart slug (D:1)
  2 giant geckos (D:1)
  4 orcs
  A ball python (D:2)
  5 bats
  A giant cockroach (D:2)
  4 goblins
  8 hobgoblins
  3 kobolds
  A quokka (D:2)
  3 giant newts
  7 rats
47 creatures vanquished.

Notes
Turn   | Place    | Note
--------------------------------------------------------------
     0 | D:1      | striepan the Minotaur Fighter began the quest for the Orb.
     0 | D:1      | Reached XP level 1. HP: 19/19 MP: 0/0
    48 | D:1      | Reached skill level 3 in Axes
    52 | D:1      | Reached XP level 2. HP: 21/26 MP: 1/1
   384 | D:1      | Reached skill level 4 in Axes
   544 | D:1      | Reached XP level 3. HP: 28/31 MP: 2/2
  1115 | D:2      | Found a faded altar to an unknown god.
  1123 | D:2      | Became a worshipper of Yredelemnul the Dark
  1123 | D:2      | Reached * piety under Yredelemnul
  1218 | D:2      | Reached skill level 5 in Axes
  1529 | D:2      | Reached XP level 4. HP: 39/39 MP: 3/3
  1989 | D:3      | Noticed Sigmund
  2178 | D:2      | HP: 1/39 [poisoned by a kobold]
  2179 | D:2      | Gained mutation: You have a pair of large horns on your head. [potion of beneficial mutation]
  2179 | D:2      | Succumbed to a kobold's poison

Skill      XL: |  1  2  3 |
---------------+----------+-----
Axes           | 3 4 5 |  5.6
Fighting       | |  3.6
Armour         | |  3.6
Shields        | |  3.6

Action                   |  1- 3 |  4- 6 || total
-------------------------+-------+-------++-------
Melee: War axe           |    82 |    19 ||   101
       Headbutt          |     5 |     5 ||    10
  Use: Potion            |       |     4 ||     4
  Eat: Chunk             |     2 |       ||     2
       Beef jerky        |       |     1 ||     1
Armor: Scale mail        |    33 |     4 ||    37
Dodge: Dodged            |    28 |     5 ||    33
Block: Shield            |    38 |    15 ||    53
